Map: Golden Wall LE

Players

Subang

  • Race: Zerg Zerg
  • League: Diamond
  • Spawn Location: 5:00

hulksmash - Winner!

  • Race: Zerg Zerg
  • League: Diamond
  • Spawn Location: 7:00

VOD

Have the link to the VOD?

Description

Time

  • Played on: July 22, 2020, 3:49 a.m.
  • Length: 5:21
Show
View Real Time Build Order
Export as new Build Order

Subang Zerg 

Build Orders: Hatch First 

Get SALT Encoding   

  12  0:01  Drone  
  13  0:12  Overlord  
  13  0:17  Drone  
  14  0:30  Drone x2  
  16  0:52  Hatchery, Drone  
  16  0:56  Drone  
  17  0:59  Drone  
  18  1:10  Extractor  
  17  1:15  Spawning Pool  
  16  1:18  Drone  
  16  1:22  Drone  
  18  1:28  Drone  
  19  1:38  Drone  
  20  1:49  Overlord  
  20  2:03  Drone  
  20  2:04  Queen x2  
  20  2:05  Zergling x2  
  26  2:11  Drone  
  27  2:16  Drone  
  28  2:23  Drone  
  28  2:29  Drone  
  30  2:37  Roach Warren  
  29  2:39  Drone x2  
  29  2:41  Lair  
  29  2:42  Evolution Chamber  
  30  2:51  Drone x2  
  33  2:58  Drone x2  
  33  3:04  Drone  
  35  3:09  Drone  
  36  3:14  Overlord x2  
  36  3:16  Overlord  
  36  3:24  Extractor  
  35  3:32  Drone x6  
  41  3:48  Drone x2  
  43  3:49  Extractor  
  42  3:56  Roach x4  
  42  3:57  Overlord x2  
  50  4:03  Roach  
  52  4:24  Drone x6  
  52  4:25  Drone  
  52  4:30  Evolution Chamber  
  58  4:35  Roach  
  59  4:44  Roach x2  
  57  4:49  Roach  
  55  4:58  Roach x2  
Show
View Real Time Build Order
Export as new Build Order

hulksmash Zerg - Winner!

Build Orders: Hatch First 

Get SALT Encoding   

  12  0:03  Drone  
  13  0:13  Overlord  
  13  0:19  Drone  
  14  0:33  Drone x2  
  16  0:43  Drone  
  17  0:54  Hatchery  
  17  0:56  Drone  
  17  1:01  Extractor  
  16  1:12  Spawning Pool  
  16  1:14  Drone  
  16  1:18  Drone  
  17  1:21  Drone  
  18  1:31  Drone  
  19  1:42  Drone  
  20  1:59  Zergling x2  
  21  2:04  Zergling x2  
  21  2:06  Queen x2  
  21  2:07  Drone  
  27  2:12  Metabolic Boost  
  27  2:18  Roach Warren, Drone  
  27  2:34  Drone  
  27  2:35  Overlord  
  27  2:36  Overlord  
  28  2:57  Roach  
  28  2:58  Roach x3  
  36  3:01  Overlord  
  36  3:21  Roach x3  
  36  3:22  Zergling x2  
  36  3:23  Zergling x2  
  44  3:54  Overlord  
  44  4:09  Overlord  
  44  4:12  Queen  
  44  4:13  Roach x3  
  44  4:15  Overlord x2  
  51  4:27  Overlord  
  51  4:28  Overlord  
  51  4:29  Roach  
  51  4:30  Roach x3  
  56  4:57  Zergling x2  
  56  4:58  Zergling x16  
Tags
 
Add a new tag
Caveats
  • Supply blocks, unpowered buildings, or Contaminate may cause inaccurate times.
  • Supply counts are checked every 10 seconds.